 Dungeon Crawl Stone Soup version 0.29-a0-870-g2c972031a6 (webtiles) character file.

Game seed: 13617663451957505163

3371 zeratav the Tainter (level 10, -1/61 (71) HPs)
             Began as an Octopode Venom Mage on July 17, 2022.
             Was an Initiate of Gozag.
             Slain by a wight
             ... wielding a +0 hand axe
              (2 damage)
             ... on level 8 of the Dungeon.
             The game lasted 00:19:43 (10586 turns).

zeratav the Tainter (Octopode Venom Mage)          Turns: 10586, Time: 00:19:44

HP:   -1/61 (71)    AC:  3    Str: 14    XL:     10   Next: 3%
MP:   13/13         EV: 16    Int: 23    God:    Gozag
Gold: 804           SH:  0    Dex: 13    Spells: 6/13 levels left

rFire   x . .      SeeInvis .   g - +9 sling "Nodaq" {vorpal, rF- Str+6 Int+2}
rCold   . . .      Faith    .   (no shield)
rNeg    . . .      Spirit   .   c - +2 hat
rPois   .          Reflect  .   (no amulet)
rElec   .          Harm     .   n - ring of flight
rCorr   .          Rampage  .   (no ring)
Will    .....                   (no ring)
Stlth   ++++......              (no ring)
HPRegen 0.20/turn               (no ring)
MPRegen 0.13/turn               (no ring)
                                (no ring)
                                (no ring)

@: flying, heavily drained
A: almost no armour, amphibious, 8 rings, camouflage 1, gelatinous body 1,
(nimble swimmer 1), tentacles
a: Renounce Religion, Potion Petition, Call Merchant, Bribe Branch


You were on level 8 of the Dungeon.
You worshipped Gozag.
Gozag was pleased with you.
You visited 2 branches of the dungeon, and saw 9 of its levels.

You collected 1135 gold pieces.
You spent 187 gold pieces at shops.
You paid 144 gold pieces to Gozag.


Innate Abilities, Weirdness & Mutations

You cannot wear most types of armour.
You are amphibious.
You can wear up to eight rings at the same time.
Your skin changes colour to match your surroundings (Stealth+).
Your rubbery body absorbs attacks. (AC +1, EV +1)
((You are camouflaged when in or above water. (Stealth+)))
You have tentacles for arms and can constrict up to eight enemies at once.


   Skills:
 - Level 7.0 Fighting
 - Level 7.0 Dodging
 - Level 5.0 Stealth
 - Level 2.0 Spellcasting
 - Level 1.0 Transmutations
 + Level 6.3 Ice Magic
 - Level 9.0 Poison Magic


You had 6 spell levels left.
You knew the following spells:

 Your Spells              Type           Power      Damage    Failure   Level
a - Sting                 Tmut/Pois      100%       1d8       1%          1
b - Poisonous Vapours     Pois/Air       46%        N/A       3%          2
c - Olgreb's Toxic Radia  Pois           43%        N/A       3%          4

Your spell library contained the following spells:

 Spells                   Type           Power      Damage    Failure   Level
 Frozen Ramparts          Ice            62%        1d8       2%          3
 Mephitic Cloud           Conj/Pois/Air  16%        N/A       11%         3
 Apportation              Tloc           4%         N/A       13%         1
 Necrotise                Necr           8%         1d4       13%         1
 Summon Small Mammal      Summ           8%         N/A       13%         1
 Ice Form                 Ice/Tmut       19%        N/A       28%         4
 Summon Ice Beast         Ice/Summ       16%        N/A       34%         4
 Call Canine Familiar     Summ           2%         N/A       36%         3
 Portal Projectile        Hex/Tloc       4%         N/A       36%         3
 Stone Arrow              Conj/Erth      4%         3d7       36%         3
 Alistair's Intoxication  Tmut/Pois      16%        N/A       41%         5
 Leda's Liquefaction      Hex/Erth       1%         N/A       77%         4
 Lehudib's Crystal Spear  Conj/Erth      1%         10d2      100%        8
 Animate Armour           Summ/Erth      Unusable   N/A       N/A         4

Inventory:

Hand Weapons
 g - the +9 sling "Nodaq" (weapon) {vorpal, rF- Str+6 Int+2}
   (You found it on level 3 of the Dungeon)

   Any ammunition fired from it inflicts extra damage upon your enemies.
   Str:       It affects your strength (+6).
   Int:       It affects your intelligence (+2).
   rF:        It makes you vulnerable to fire.
 p - a +1 dagger of venom {short}
   (You took it off a goblin on level 1 of the Dungeon)
 v - the +4 spear "Kiwihif" {freeze, Will+ Dex+2, polearm}
   (You found it on level 6 of the Dungeon)

   It freezes those it strikes, dealing additional cold damage.
   It can also slow down cold-blooded creatures.
   Dex:       It affects your dexterity (+2).
   Will:      It increases your willpower.
Armour
 c - a +2 hat (worn)
   (You found it on level 1 of the Dungeon)
 w - a +0 buckler
   (You found it on level 4 of the Dungeon)
Magical Staves
 B - a staff of air {staff}
   (You found it on level 7 of the Dungeon)
Jewellery
 n - a ring of flight (left tentacle)
   (You found it on level 1 of the Dungeon)
Wands
 e - a wand of roots (7)
   (You found it on level 3 of the Dungeon)
 u - a wand of mindburst (22)
   (You found it on level 5 of the Dungeon)
Scrolls
 b - 2 scrolls of silence {!r}
 d - a scroll of magic mapping {!r}
 h - 2 scrolls of fog
 j - 2 scrolls of poison {!r}
 k - 2 scrolls of fear
 m - a scroll of vulnerability {!r!r}
 q - a scroll of noise {!r}
 r - 9 scrolls of identify {@r1}
 y - a scroll of enchant weapon
 A - a scroll of teleportation {@r4}
Potions
 a - a potion of magic
 f - 2 potions of resistance
 i - 5 potions of attraction {!q}
 l - 2 potions of haste {unknown}
 s - 2 potions of might
 t - 3 potions of curing {@q1}
 x - 2 potions of mutation {unknown}
 z - a potion of heal wounds {@q2}

Dungeon Overview and Level Annotations

Branches:
Dungeon (8/15) Zot: 26743  Temple (1/1) D:6 Zot: 5802
   Lair: D:8-11

Altars:
Ashenzari
Cheibriados
Dithmenos
Elyvilon
Fedhas
Gozag
Hepliaklqana
Kikubaaqudgha
Makhleb
Nemelex Xobeh
Okawaru
Qazlal
Ru
Sif Muna
Trog
Uskayaw
Vehumet
Wu Jian
Xom
Yredelemnul
Zin
The Shining One

Shops:
D:7 **   D:8 *

Annotations:
D:4 Sigmund
D:6 exclusions: ogre and steam dragon, Menkaure

..##......##### *.#
..*######.....#####
*#.# .#*
####..#...###.#* .*
##.'.∩.'...# **
###...#..## * #####..#
#....Y[# ##.YoY.## **
*#Yz@.DY.# ,*****
**#..zz..Y.#*
,,,,,*****#?....#####.#
,,,,,,,,,.......* *##
,,,,,,,,,......#*
,,,,,,,,,......**
,,,,,,,,,......,*
,,,,,,,,^......,**
,,,,,,,,,,****,$,*


You could see 3 wights, 6 friendly yaks, a friendly steam dragon (summoned) and
a friendly orc (summoned).


Message History

MP[+1] MP[+1]
There is a stone staircase leading up here.
Really read
d - 2 scrolls of magic mapping {!r}?
As you read the scroll of magic mapping {!r}, it crumbles to dust.
You feel aware of your surroundings.
You sensed 2 shops/portals.
The steam dragon breathes steam at you. The ball of steam hits you!
You hear a shout!
You fly upwards.
There is a stone staircase leading down here.
HP[-16]
You take 16 damage, and now have 55/71 hp.
MASSIVE DAMAGE!! (PAUSE)
You start resting.
HP[+16] MP[+9]
Your hp is fully restored (71).
Your mp is fully restored (13).
There is a stone staircase leading down here.
You fly downwards.
You hear the roar of battle.
There is an entrance to a bailey on this level.
Hurry and find it before the portal closes forever!
You hear the creaking of a very distant portcullis.
There is a stone staircase leading up here.
You now have 767 gold pieces (gained 13).
Found a stone staircase leading up.
An ice beast comes into view.
The +4 spear "Kiwihif" {freeze, Will+ Dex+2, polearm} stops glowing.
You feel stronger.
You feel clever.
g - the +9 sling "Nodaq" (weapon)
{vorpal, rF- Str+6 Int+2} You shoot a sling bullet.
The sling bullet hits the ice beast!
You shoot a sling bullet. The sling bullet hits the ice beast!
You shoot a sling bullet. The sling bullet hits the ice beast.
You kill the ice beast!
No target in view!
No target in view!
You now have 789 gold pieces (gained 22).
You hear the steady creaking of a very distant portcullis.
You now have enough gold to fund merchants seeking to open stores in the dungeon.
You now have 804 gold pieces (gained 15).
You reach down and open the door.
Found Ogerryc's Serpentskin Sales.
There is an open door here.
There is an entrance to Ogerryc's Serpentskin Sales here.
You reach down and open the door.
There is an entrance to Ogerryc's Serpentskin Sales here.
You can access your shopping list by pressing '$'.
There is an open door here. 3 wights come into view.
A wight is wielding a +2 dire flail of freezing.
You shoot a sling bullet.
The sling bullet hits the wight but does no damage.
The wight is distracted by your dazzling golden aura.
You shoot a sling bullet.
The sling bullet closely misses the wight.
The wight is no longer distracted by gold.
You shoot a sling bullet.
The sling bullet hits the wight but does no damage.
You shoot a sling bullet.
The sling bullet closely misses the wight.
The wight completely misses you.
You shoot a sling bullet. The sling bullet hits the wight.
The wight hits you with a +2 dire flail of freezing!
You feel drained. The wight freezes you. The wight closely misses you.
The wight completely misses you.
HP[-10]
You now have 69 max hp (-2).
You take 10 damage, and now have 61/69 hp.
You shoot a sling bullet.
The sling bullet closely misses the wight.
The wight hits you with a +2 dire flail of freezing!
You feel drained. The wight freezes you.
The wight hits you with a +5 short sword!
The wight barely misses you. The wight closely misses you. x2
The wight hits you with a +5 short sword!
* * * LOW HITPOINT WARNING * * *
You feel drained.
* * * LOW HITPOINT WARNING * * *
HP[-38]
You now have 65 max hp (-4).
You take 38 damage, and now have 23/65 hp.
MASSIVE DAMAGE!! (PAUSE)
You are too injured to fight recklessly!
You are too injured to fight recklessly!
You can't see any enemies this would affect, really read the scroll of fear?
Okay, then.
As you read the scroll of summoning, it crumbles to dust.
Wisps of shadow whirl around you...
The wight hits you with a +2 dire flail of freezing!
* * * LOW HITPOINT WARNING * * *
You feel drained.
* * * LOW HITPOINT WARNING * * *
The wight freezes you.
* * * LOW HITPOINT WARNING * * *
The wight hits you with a +5 short sword.
* * * LOW HITPOINT WARNING * * *
The wight hits you with a +0 hand axe.
* * * LOW HITPOINT WARNING * * *
You feel drained.
You die...
Your body crumbles into a pile of gold.

Skill      XL: |  1  2  3  4  5  6  7  8  9 |
---------------+----------------------------+-----
Stealth        | 3 4 5 |  5.0
Poison Magic   | 4 5 6 8 9 |  9.0
Fighting       | 2 5 7 |  7.0
Dodging        | 3 6 7 |  7.0
Ice Magic      | 6 |  6.3
Spellcasting   | |  2.0
Transmutations | |  1.0

Action                   |  1- 3 |  4- 6 |  7- 9 | 10-12 || total
-------------------------+-------+-------+-------+-------++-------
Melee: Unarmed           |    17 |       |       |       ||    17
       Constrict         |    16 |    21 |    34 |       ||    71
       Tentacles         |     9 |    14 |    49 |       ||    72
       Dagger            |    46 |    79 |   151 |       ||   276
       Club              |     3 |       |       |       ||     3
       Spear             |       |       |    32 |       ||    32
       Punch             |       |       |     1 |       ||     1
 Fire: Sling             |       |    14 |    13 |     9 ||    36
 Cast: Sting             |    27 |    15 |    15 |       ||    57
       Poisonous Vapours |     2 |    19 |     4 |       ||    25
       Olgreb's Toxic Ra |       |     1 |    55 |       ||    56
  Use: Scroll            |     7 |     6 |     2 |     2 ||    17
       Potion            |       |     3 |       |       ||     3
 Stab: Sleeping          |     7 |    10 |     2 |       ||    19
       Distracted        |       |     1 |       |       ||     1
Armor: Skin              |    17 |    18 |    26 |       ||    61
Dodge: Dodged            |    51 |    38 |   111 |     6 ||   206

Levels and vault maps discovered:
D:1:      psy_arrival_fountain, layout_rooms, chequers_ecumenical_altar_island
D:2:      layout_basic, uniq_robin
D:3:      layout_basic, trog_butcher_becter
D:4:      layout_loops_corners, xom_butterflies, kennysheep_mini_moat,
          mainiacjoe_overflow_two_lobes, uniq_sigmund
D:5:      layout_layer_cave, fedhas_altar_decomposition,
          lemuel_zombie_altar_kikubaaqudgha
D:6:      kennysheep_housing_project, layout_basic,
          mainiacjoe_overflow_small_starburst, grunt_gozag_statues,
          mainiacjoe_overflow_alcove_1, minmay_temple_entry_fiery, uniq_menkaure
D:7:      layout_basic, hangedman_ru_absence, nicolae_specific_store
D:8:      layout_layer_cave, enter_bailey_3, guppyfry_shop_venom
Temple:   bh_familiar_temple

Notes
Turn   | Place    | Note
-------+----------+-------------------------------------------
     0 | D:1      | zeratav the Octopode Venom Mage began the quest for the
                  | Orb.
     0 | D:1      | Reached XP level 1. HP: 11/11 MP: 3/3
     0 | D:1      | magus.rc [v1.9.6]
   178 | D:1      | Reached skill level 3 in Stealth
   270 | D:1      | Found a faded altar of an unknown god.
   289 | D:1      | Reached XP level 2. HP: 10/17 MP: 1/5
   296 | D:1      | Reached skill level 4 in Poison Magic
   746 | D:1      | You pick up a book of Rime and begin reading...
   746 | D:1      | You add the spells Frozen Ramparts, Ice Form and Summon Ice
                  | Beast to your library.
   806 | D:1      | You fall into a shaft and drop 1 floor!
   847 | D:1      | Learned a level 2 spell: Poisonous Vapours
   933 | D:1      | Reached XP level 3. HP: 19/21 MP: 6/6
   982 | D:1      | Reached skill level 4 in Stealth
  1594 | D:2      | Noticed Robin
  1623 | D:2      | Reached XP level 4. HP: 24/27 MP: 3/7
  1626 | D:2      | Killed Robin
  1630 | D:2      | Reached skill level 5 in Poison Magic
  1978 | D:2      | Reached skill level 5 in Stealth
  1984 | D:2      | HP: 6/27 [poisoned by an adder]
  2131 | D:2      | You pick up a book of Cantrips and begin reading...
  2131 | D:2      | You add the spells Necrotise, Summon Small Mammal and
                  | Apportation to your library.
  2395 | D:3      | Reached XP level 5. HP: 30/31 MP: 1/8
  2570 | D:3      | Reached skill level 6 in Poison Magic
  2756 | D:3      | You pick up a book of Armaments and begin reading...
  2756 | D:3      | You add the spells Stone Arrow and Lehudib's Crystal Spear
                  | to your library.
  2791 | D:3      | Identified the +9 sling "Nodaq" {vorpal, rF- Str+6 Int+2}
  3056 | D:3      | Found a bloodstained altar of Trog.
  3438 | D:4      | Noticed Sigmund
  3470 | D:3      | Learned a level 4 spell: Olgreb's Toxic Radiance
  3506 | D:4      | Reached XP level 6. HP: 36/36 MP: 9/9
  3593 | D:4      | Found a shimmering altar of Xom.
  3689 | D:4      | Found a glowing golden altar of the Shining One.
  3745 | D:4      | Found a hide-covered altar of Uskayaw.
  3814 | D:4      | Noticed a black bear
  3842 | D:4      | Killed a black bear
  3843 | D:4      | Reached skill level 7 in Poison Magic
  3962 | D:4      | Found a snail-covered altar of Cheibriados.
  4127 | D:4      | Reached skill level 8 in Poison Magic
  4405 | D:5      | Entered Level 5 of the Dungeon
  4416 | D:5      | Reached XP level 7. HP: 14/41 MP: 2/10
  4622 | D:5      | Reached skill level 9 in Poison Magic
  5268 | D:5      | Reached skill level 1 in Fighting
  5375 | D:5      | Found a blossoming altar of Fedhas.
  5516 | D:5      | Found an ancient bone altar of Kikubaaqudgha.
  5812 | D:6      | Noticed a steam dragon
  5819 | D:6      | Killed a steam dragon
  5820 | D:6      | Reached skill level 2 in Fighting
  5820 | D:6      | Reached skill level 3 in Dodging
  5884 | D:6      | Noticed a steam dragon
  5957 | D:6      | Found an ornate altar of the Wu Jian Council.
  5961 | D:6      | You pick up a book of the Hunter and begin reading...
  5961 | D:6      | You add the spells Call Canine Familiar, Portal Projectile
                  | and Leda's Liquefaction to your library.
  5975 | D:6      | Found an opulent altar of Gozag.
  5981 | D:6      | Became a worshipper of Gozag Ym Sagoz the Greedy
  6040 | D:6      | Noticed Menkaure
  6250 | D:6      | Reached XP level 8. HP: 51/51 MP: 6/11
  6259 | D:6      | Reached skill level 3 in Fighting
  6259 | D:6      | Reached skill level 4 in Dodging
  6710 | D:6      | Reached skill level 4 in Fighting
  6720 | D:6      | Reached skill level 5 in Dodging
  7095 | D:6      | Reached skill level 5 in Fighting
  7362 | D:6      | Identified the +4 spear "Kiwihif" {freeze, Will+ Dex+2}
  7635 | D:6      | Found a staircase to the Ecumenical Temple.
  7640 | D:6      | Reached skill level 6 in Dodging
  7640 | D:6      | Reached XP level 9. HP: 53/61 MP: 12/12
  7681 | Temple   | Entered the Ecumenical Temple
  7953 | D:6      | Found a stormy altar of Qazlal.
  8464 | D:7      | Found Urumuj Piutt's General Store.
  8466 | D:7      | Found Yboor Xer's Specific Store.
  8476 | D:7      | Bought a potion of heal wounds for 55 gold pieces
  8476 | D:7      | Bought 2 potions of curing for 66 gold pieces
  8476 | D:7      | Bought a scroll of identify for 22 gold pieces
  8476 | D:7      | Bought a scroll of teleportation for 33 gold pieces
  8476 | D:7      | Bought a potion of degeneration for 11 gold pieces
  8706 | D:7      | You pick up a book of Cantrips and begin reading...
  8864 | D:7      | Reached skill level 6 in Fighting
  8995 | D:7      | Reached skill level 7 in Dodging
  9360 | D:7      | Reached skill level 7 in Fighting
  9370 | D:7      | Reached skill level 1 in Ice Magic
  9377 | D:7      | Reached skill level 2 in Ice Magic
  9449 | D:7      | Reached skill level 3 in Ice Magic
  9450 | D:7      | Reached skill level 4 in Ice Magic
  9584 | D:7      | Reached skill level 5 in Ice Magic
  9691 | D:7      | Found a sacrificial altar of Ru.
 10019 | D:7      | HP: 13/64 [something (8)]
 10341 | D:8      | You pick up a book of Party Tricks and begin reading...
 10381 | D:8      | Reached skill level 6 in Ice Magic
 10381 | D:8      | Reached XP level 10. HP: 71/71 MP: 1/13
 10566 | D:8      | Found Ogerryc's Serpentskin Sales.
 10586 | D:8      | HP: 13/65 [wight/+2 dire flail of freezing (10)]
 10586 | D:8      | HP: 6/62 [wight/+5 short sword (2)]
 10586 | D:8      | HP: 1/62 [wight/+0 hand axe (5)]
 10586 | D:8      | Slain by a wight

Vanquished Creatures
  4 yaks (D:7)
  2 steam dragons
  2 orc warriors
  An ice beast (D:8)
  2 black bears
  3 sky beasts
  2 ogres
  A centaur (D:6)
  6 kobold brigands
  4 scorpions
  A bullfrog (D:7)
  A necrophage (D:7)
  3 howler monkeys (D:7)
  A gnoll bouda (D:6)
  4 hounds
  A jelly (D:6)
  3 iguanas
  3 orc wizards (D:6)
  Robin (D:2)
  7 gnolls
  8 adders
  A white imp (D:6)
  An ufetubus (D:7)
  3 worms
  A dart slug (D:5)
  5 orcs
  9 ball pythons
  2 bat zombies (D:5)
  10 endoplasms
  5 giant cockroaches
  15 goblins
  19 hobgoblins
  6 jackals
  8 quokkas
  8 bats
  6 frilled lizards
  29 kobolds
  6 rats
  2 rat zombies (D:5)
  A butterfly (D:4)
197 creatures vanquished.

Vanquished Creatures (others)
  A bush (D:5)
  30 plants
31 creatures vanquished.

Grand Total: 228 creatures vanquished

Table legend:
 A = Non-vault XP
 B = Vault XP
 C = Vault XP percentage of total XP
 D = Non-vault monster count
 E = Vault monster count
 F = Vault count percentage of total count
                 A         B        C        D         E       F
            +---------+---------+-------+---------+---------+-------
      Total |    3857 |     959 |  19.9 |     146 |      50 |  25.5
            +---------+---------+-------+---------+---------+-------
        D:1 |      64 |       0 |   0.0 |      32 |       0 |   0.0
        D:2 |      59 |      37 |  38.5 |      22 |      12 |  35.3
        D:3 |     134 |       9 |   6.3 |      16 |       4 |  20.0
        D:4 |     283 |       0 |   0.0 |      14 |       0 |   0.0
        D:5 |     336 |       6 |   1.8 |      11 |       4 |  26.7
        D:6 |     542 |     907 |  62.6 |      14 |      30 |  68.2
        D:7 |    2209 |       0 |   0.0 |      31 |       0 |   0.0
        D:8 |     230 |       0 |   0.0 |       6 |       0 |   0.0
            +---------+---------+-------+---------+---------+-------

Illustrated notes

Table legend:
 A = Kills in this place as a percentage of kills in entire the game.
 B = Kills by you in this place as a percentage of kills by you in the entire game.
 C = Kills by friends in this place as a percentage of kills by friends in the entire game.
 D = Other kills in this place as a percentage of other kills in the entire game.
 E = Experience gained in this place as a percentage of experience gained in the entire game.
 F = Experience gained in this place divided by the number of levels of this place that you have seen.
                   A       B       C       D       E      F
               +-------+-------+-------+-------+-------+----------------------
         Total | 100.0 | 100.0 |   N/A |   N/A | 100.0 | 535.1
       Dungeon | 100.0 | 100.0 |   N/A |   N/A | 100.0 | 602.0
               +-------+-------+-------+-------+-------+----------------------

Table legend: (Time is in decaauts)
 A = Elapsed time spent in this place.
 B = Non-inter-level travel time spent in this place.
 C = Inter-level travel time spent in this place.
 D = Time resting spent in this place.
 E = Time spent auto-exploring this place.
 F = Levels seen in this place.
 G = Mean time per level.
                   A        B        C        D        E       F      G
               +--------+--------+--------+--------+--------+-----+--------+
         Total |  10602 |  10259 |    343 |   2685 |   5579 |   9 | 1178.0 |
       Dungeon |  10404 |  10093 |    311 |   2685 |   5415 |   8 | 1300.5 |
        Temple |    197 |    165 |     32 |      0 |    164 |   1 |  197.0 |
               +--------+--------+--------+--------+--------+-----+--------+

Top non-repeatable levels by time:
     D:6: 2484 daAuts
     D:7: 1945 daAuts
     D:1: 1535 daAuts
     D:5: 1319 daAuts
     D:4: 1175 daAuts
     D:3: 946 daAuts
     D:2: 840 daAuts
  Temple: 197 daAuts
     D:8: 157 daAuts
